 Dungeon Crawl Stone Soup version 0.27.0-1-g7a089689b8 (webtiles) character file.

Game seed: 16824473658141457094

144 robertstho the Ruffian (level 5, -3/55 HPs)
             Began as an Octopode Berserker on Aug 5, 2021.
             Was a Believer of Trog.
             Slain by Robin (10 damage)
             ... on level 3 of the Dungeon.
             The game lasted 00:02:02 (2611 turns).

robertstho the Ruffian (Octopode Berserker)         Turns: 2611, Time: 00:02:04

Health: -3/55      AC:  1    Str: 17    XL:     5   Next: 26%
Magic:  5/5        EV: 14    Int:  9    God:    Trog [**....]
Gold:   162        SH:  0    Dex: 12    Spells: 4/4 levels left

rFire    . . .     SeeInvis .     - Unarmed
rCold    . . .     Faith    .   (no shield)
rNeg     . . .     Spirit   .   (helmet restricted)
rPois    .         Reflect  .   (no amulet)
rElec    .         Harm     .   (no ring)
rCorr    .         Rampage  .   (no ring)
Will     .....                  (no ring)
Stlth    ..........             (no ring)
HPRegen  0.18/turn              (no ring)
MPRegen  0.09/turn              (no ring)
                                (no ring)
                                (no ring)

@: berserking (expiring), very quick
A: almost no armour, amphibious, 8 rings, camouflage 1, gelatinous body 1,
(nimble swimmer 1), tentacles
a: Renounce Religion, Berserk, Trog's Hand


You were on level 3 of the Dungeon.
You worshipped Trog.
Trog was pleased with you.
You visited 1 branch of the dungeon, and saw 3 of its levels.

You collected 162 gold pieces.

Inventory:

Jewellery
 j - an amulet of the acrobat
Wands
 h - a wand of flame (13)
Scrolls
 f - 2 scrolls of teleportation {unknown}
 i - a scroll of magic mapping {unknown}
Potions
 a - a potion of heal wounds {unknown}
 b - a potion of mutation {unknown}
 c - 2 potions of lignification {unknown}
 d - 2 potions of resistance {unknown}
 e - 3 potions of attraction {unknown}
 g - a potion of cancellation {unknown}


   Skills:
 * Level 3.8 Fighting
 + Level 3.5 Dodging
 * Level 3.7 Stealth
 + Level 4.0 Unarmed Combat


You had 4 spell levels left.
You didn't know any spells.
Your spell library was empty.

Dungeon Overview and Level Annotations

Branches:
Dungeon (3/15)

Altars:
Cheibriados
Nemelex Xobeh

Shops:
D:1 [

Annotations:
D:3 Robin


Innate Abilities, Weirdness & Mutations

You cannot wear most types of armour.
You are amphibious.
You can wear up to eight rings at the same time.
Your skin changes colour to match your surroundings (Stealth+).
Your rubbery body absorbs attacks. (AC +1, EV +1)
((You are camouflaged near water. (Stealth+)))
You have tentacles for arms and can constrict up to eight enemies at once.


Message History

You squeeze the goblin.
You kill the goblin!
Trog accepts your kill. The goblin misses you. x2
Robin says, "Feeling lonely?"
You bludgeon the goblin!
You kill the goblin!
Trog accepts your kill. The goblin barely misses you.
You bludgeon the goblin!
You kill the goblin!
Trog accepts your kill.
You bludgeon the goblin!
You kill the goblin!
Trog accepts your kill.
Your Unarmed Combat skill increases to level 4!
The hobgoblin closely misses you. The goblin barely misses you.
Robin throws the goblin at you!
There is an open door here.
Things that are here:
a +0 club; a +0 dagger; a goblin corpse You closely miss Robin.
Your grab misses Robin. The goblin barely misses you. The hobgoblin hits you.
Robin closely misses you.
You barely miss Robin. Your grab misses Robin. The hobgoblin hits you.
You bludgeon Robin! You grab Robin.
Robin is severely wounded.
You constrict Robin. The hobgoblin barely misses you.
The goblin hits you with a +0 club.
Robin hits you with a +3 trident of freezing!
* * * LOW HITPOINT WARNING * * *
Robin freezes you.
* * * LOW HITPOINT WARNING * * *
You tentacle-slap the goblin. You grab the goblin.
The goblin is heavily wounded.
You constrict Robin. You constrict the goblin.
The hobgoblin completely misses you. The goblin hits you with a +0 club.
* * * LOW HITPOINT WARNING * * *
The hobgoblin misses you.
Robin hits you with a +3 trident of freezing!
You die...

#.....# ##
#.....# .#
#.....#
.########
#.....#
.........
+...>.+
#########
#.....#
#..ggg# #@#
#####g#
##########
#...))#
.........#
#.###.#
########.###.#
#.# #.....#
#.# ##.####
#.# #..# #.#
...# #.#


You could see Robin, 2 hobgoblins and a goblin (strong).

Vanquished Creatures
  Terence (D:2)
  Natasha (twice) (D:2)
  2 adders (D:2)
  A worm (D:2)
  7 bats
  An endoplasm (D:1)
  A giant cockroach (D:1)
  10 goblins
  8 hobgoblins
  3 quokkas (D:1)
  4 ball pythons
  2 frilled lizards (D:1)
  4 kobolds
  2 rats (D:1)
48 creatures vanquished.

Notes
Turn   | Place    | Note
-------+----------+-------------------------------------------
     0 | D:1      | robertstho the Octopode Berserker began the quest for the
                  | Orb.
     0 | D:1      | Reached XP level 1. HP: 16/16 MP: 1/1
   119 | D:1      | Found a faded altar of an unknown god.
   217 | D:1      | Reached XP level 2. HP: 16/21 MP: 2/2
   451 | D:1      | Found Elof's Antique Armour Emporium.
   600 | D:1      | Reached skill level 1 in Stealth
   859 | D:1      | Reached XP level 3. HP: 25/26 MP: 3/3
  1457 | D:2      | Reached ** piety under Trog
  1634 | D:2      | Found a snail-covered altar of Cheibriados.
  1654 | D:2      | Noticed Terence
  1662 | D:2      | Killed Terence
  1663 | D:2      | Reached XP level 4. HP: 32/32 MP: 4/4
  1957 | D:2      | Noticed Natasha
  1963 | D:2      | Killed Natasha
  2363 | D:2      | Noticed Natasha
  2368 | D:2      | Killed Natasha
  2369 | D:2      | Reached XP level 5. HP: 29/37 MP: 5/5
  2505 | D:3      | Found a sparkling altar of Nemelex Xobeh.
  2593 | D:3      | Noticed Robin
  2607 | D:3      | Reached skill level 4 in Unarmed Combat
  2611 | D:3      | Slain by Robin

Illustrated notes

Levels and vault maps discovered:
D:1:      dpeg_arrival_tiny_i, layout_loops_corners, serial_shops, shop,
          hellmonk_ecumenical_altar_run_dry
D:2:      layout_basic, basic_altar, uniq_natasha, uniq_terence
D:3:      layout_basic, nemelex_diamond_rough_becter, fountainhead, uniq_robin

Skill      XL: |  1  2  3  4  5 |
---------------+----------------+-----
Stealth        | 1 2 3 |  3.7
Unarmed Combat | 4 |  4.0
Fighting       | |  3.8
Dodging        | |  3.5

Action                   |  1- 3 |  4- 6 || total
-------------------------+-------+-------++-------
Melee: Unarmed           |    70 |    32 ||   102
       Constrict         |    19 |     9 ||    28
       Tentacles         |     7 |     6 ||    13
Invok: Berserk           |     2 |     1 ||     3
  Use: Scroll            |     3 |       ||     3
 Stab: Sleeping          |     6 |     2 ||     8
Armor: Skin              |     7 |     1 ||     8
Dodge: Dodged            |    48 |    32 ||    80
